Sharks vs Devils

Created - February 9 2007 at 19:00

Goals
1 2 3 T
Sharks 0 0 1 1
Devils 0 3 2 5
Shots
1 2 3 T
Sharks 6 3 6 15
Devils 16 16 16 48

Period #1

No Goal

Penalities :
Niklas Kronwall (SJS) for Holding (Minor) at 3:36, Scott Hannan (SJS) for Roughing (Minor) at 6:30, Steve Bernier (SJS) for Tripping (Minor) at 9:47, Scott Hannan (SJS) for Boarding (Minor) at 12:27, Jamie Langenbrunner (NJD) for Kneeing (Major) at 15:35

Period #2

1. Devils , Jamie Langenbrunner 9 (Brad Lukowich, Mike Ribeiro) at 8:15
2. Devils , Sergei Brylin 10 (Chris Campoli, Brad Lukowich) at 9:16
3. Devils , Paul Martin 6 (Brian Gionta, Mike Comrie) at 16:01

Penalities :
Miroslav Satan (NJD) for Kneeing (Major) at 2:17, Steve Bernier (SJS) for Checking from behind (Major) at 2:56, Brad Lukowich (NJD) for Holding (Minor) at 12:17, Colin White (NJD) for Kneeing (Major) at 17:26, Richard Jackman (SJS) for Holding (Minor) at 19:09

Period #3

4. Devils , Zach Parise 10 (Scott Gomez, Chris Chelios) at 0:21
5. Devils , Scott Gomez 17 (Chris Chelios, Miroslav Satan) at 7:55
6. Sharks , Patrick Marleau 12 (Milan Michalek, Richard Jackman) at 12:58 (PP)

Penalities :
Joe Thornton (SJS) for Clipping (Minor) at 4:03, Brian Rafalski (NJD) for Tripping (Minor) at 12:26, Jonathan Cheechoo (SJS) for Attempt to injure (Major) at 13:44, Patrick Marleau (SJS) for Kneeing (Major) at 14:00

Goalie Stats

Cristobal Huet (SJS), 43 saves from 48 shots - (0.896), L, 9-16-5, 60:00 minutes
Patrick Lalime (NJD), 14 saves from 15 shots - (0.933), W, 8-3-1, 60:00 minutes

Players Stats

Sharks
Player Name              G  A  P  +/- PIM S  H  SB FO MP 
-----------------------------------------------------------
Alyn McCauley            0  0  0  -1  0   2  0  0  1  19 
Barret Jackman           0  0  0  -1  0   1  1  2  0  16 
Curtis Brown             0  0  0  -1  0   1  0  1  26 19 
Dustin Brown             0  0  0  -1  0   1  1  0  0  12 
Grant Stevenson          0  0  0   0  0   0  0  0  0  0  
Joe Thornton             0  0  0  -3  2   1  1  0  39 24 
Jonathan Cheechoo        0  0  0  -2  15  1  1  0  0  18 
Kyle McLaren             0  0  0  -3  0   0  2  1  0  24 
Markus Naslund           0  0  0  -3  0   3  0  0  2  19 
Matt Carle               0  0  0  -1  0   0  1  1  0  25 
Mike Grier               0  0  0   0  0   0  0  0  1  9  
Milan Michalek           0  1  1  -1  0   1  0  0  1  17 
Niklas Kronwall          0  0  0  -1  2   0  0  0  0  10 
Patrick Marleau          1  0  1  -1  5   3  0  2  25 21 
Richard Jackman          0  1  1  -1  2   0  0  4  0  23 
Scott Hannan             0  0  0  -3  4   0  3  3  0  24 
Steve Bernier            0  0  0  -1  7   1  1  1  1  14 
Ville Nieminen           0  0  0   0  0   0  0  0  0  0  
Devils
Player Name              G  A  P  +/- PIM S  H  SB FO MP 
-----------------------------------------------------------
Brad Lukowich            0  2  2   2  2   1  1  0  0  12 
Brian Gionta             0  1  1   1  0   3  1  0  11 24 
Brian Rafalski           0  0  0   2  2   2  0  0  0  25 
Chris Campoli            0  1  1   2  0   0  0  1  0  16 
Chris Chelios            0  2  2   2  0   2  0  2  0  23 
Colin White              0  0  0   1  5   1  1  1  0  21 
Jamie Langenbrunner      1  0  1   2  5   4  1  0  1  12 
John Madden              0  0  0   1  0   2  0  0  0  17 
Juraj Kolnik             0  0  0   0  0   1  0  0  1  9  
Mike Comrie              0  1  1   1  0   3  0  0  27 19 
Mike Ribeiro             0  1  1   2  0   4  0  0  1  12 
Miroslav Satan           0  1  1   1  5   7  1  0  3  22 
Patrik Elias             0  0  0   1  0   2  1  0  0  6  
Paul Martin              1  0  1   1  0   2  0  0  0  25 
Richard Matvichuk        0  0  0   0  0   0  0  1  0  5  
Scott Gomez              1  1  2   2  0   2  0  0  19 23 
Sergei Brylin            1  0  1   2  0   6  0  0  15 12 
Zach Parise              1  0  1   1  0   6  0  0  18 19 

3 Stars

1 - Patrick Lalime (NJD)
2 - Scott Gomez (NJD)
3 - Brad Lukowich (NJD)

Power Play

Sharks - 1 on 5 Attempt(s) - 20.00%
Devils - 0 on 9 Attempt(s) - 0.00%

Penalty Kill

Sharks - 9 on 9 Attempt(s) - 100.00% - Score 0 goal in Penalty Kill
Devils - 4 on 5 Attempt(s) - 80.00% - Score 0 goal in Penalty Kill

Game Notes

Jonathan Cheechoo ejected from game at 13:44 of 3rd period

Finance

Level 1 -- Attendance: 4702 (72.33%) -- Ticket Income $470,200.00
Level 2 -- Attendance: 3974 (71.73%) -- Ticket Income $238,440.00
Level 3 -- Attendance: 1540 (76.99%) -- Ticket Income $53,900.00
Level 4 -- Attendance: 3316 (82.90%) -- Ticket Income $66,320.00
Luxury Box -- Attendance: 788 (78.78%) -- Ticket Income $157,600.00
Game was played at the Continental Airlines Arena
Total Attendance: 14320 (75.21%)
Total Ticket Income: $1,011,334.00
Other Income: $51,467.80
Total Income: $1,062,802.00


Play by Play

Period #1

0:01 of 1st period - Scott Gomez wins face-off versus Joe Thornton in neutral zone.
0:44 of 1st period - Shot by Scott Gomez.
0:44 of 1st period - Shot Hit the Post.
1:48 of 1st period - Icing by Paul Martin.
1:49 of 1st period - Curtis Brown wins face-off versus Mike Comrie in Devils zone.
2:06 of 1st period - Shot by Alyn McCauley.
2:06 of 1st period - Stopped by Patrick Lalime without a rebound.
2:07 of 1st period - Sergei Brylin wins face-off versus Curtis Brown in Devils zone.
2:18 of 1st period - Shot by Mike Ribeiro.
2:18 of 1st period - Shot Blocked by Barret Jackman.
2:25 of 1st period - Shot by Alyn McCauley.
2:25 of 1st period - Stopped by Patrick Lalime without a rebound.
2:26 of 1st period - Scott Gomez wins face-off versus Joe Thornton in Devils zone.
2:36 of 1st period - Scott Gomez is hit by Scott Hannan and loses puck.
2:38 of 1st period - Shot by Patrik Elias.
2:38 of 1st period - Stopped by Cristobal Huet without a rebound.
2:39 of 1st period - Patrick Marleau wins face-off versus Zach Parise in Sharks zone.
2:44 of 1st period - Shot by Juraj Kolnik.
2:44 of 1st period - Shot Blocked by Richard Jackman.
2:47 of 1st period - Shot by Brian Rafalski.
2:47 of 1st period - Stopped by Cristobal Huet without a rebound.
2:48 of 1st period - Sergei Brylin wins face-off versus Joe Thornton in Sharks zone.
2:50 of 1st period - Jamie Langenbrunner is hit by Joe Thornton and loses puck.
2:54 of 1st period - Shot by Sergei Brylin.
2:54 of 1st period - Stopped by Cristobal Huet without a rebound.
2:55 of 1st period - Patrick Marleau wins face-off versus Scott Gomez in Sharks zone.
3:16 of 1st period - Shot by Miroslav Satan.
3:16 of 1st period - Stopped by Cristobal Huet with a rebound.
3:17 of 1st period - Shot by Chris Chelios.
3:17 of 1st period - Stopped by Cristobal Huet without a rebound.
3:18 of 1st period - Sergei Brylin wins face-off versus Joe Thornton in Sharks zone.
3:19 of 1st period - Shot by Mike Ribeiro.
3:19 of 1st period - Stopped by Cristobal Huet without a rebound.
3:20 of 1st period - Sergei Brylin wins face-off versus Joe Thornton in Sharks zone.
3:23 of 1st period - Shot by Sergei Brylin.
3:23 of 1st period - Shot Misses the Net.
3:24 of 1st period - Shot by Jamie Langenbrunner.
3:24 of 1st period - Stopped by Cristobal Huet without a rebound.
3:25 of 1st period - Curtis Brown wins face-off versus Mike Comrie in Sharks zone.
3:29 of 1st period - Steve Bernier is hit by Brian Gionta and loses puck.
3:36 of 1st period - Minor Penalty to Niklas Kronwall for Holding.
3:37 of 1st period - Curtis Brown wins face-off versus Scott Gomez in Sharks zone.
4:56 of 1st period - Shot by Mike Comrie.
4:56 of 1st period - Stopped by Cristobal Huet without a rebound.
4:57 of 1st period - Joe Thornton wins face-off versus Mike Comrie in Sharks zone.
5:51 of 1st period - Niklas Kronwall is hit by Brad Lukowich and loses puck.
6:02 of 1st period - Off-side.
6:03 of 1st period - Scott Gomez wins face-off versus Joe Thornton in neutral zone.
6:03 of 1st period - Miroslav Satan is hit by Jonathan Cheechoo and loses puck.
6:30 of 1st period - Minor Penalty to Scott Hannan for Roughing.
6:31 of 1st period - Joe Thornton wins face-off versus Zach Parise in Sharks zone.
7:00 of 1st period - Shot by Miroslav Satan.
7:00 of 1st period - Shot Misses the Net.
7:33 of 1st period - Shot by Brian Gionta.
7:33 of 1st period - Shot Misses the Net.
7:36 of 1st period - Shot by Brian Gionta.
7:36 of 1st period - Shot Blocked by Patrick Marleau.
7:39 of 1st period - Shot by Brian Gionta.
7:39 of 1st period - Shot Misses the Net.
7:44 of 1st period - Shot by Mike Comrie.
7:44 of 1st period - Shot Misses the Net.
7:45 of 1st period - Shot by Brian Gionta.
7:45 of 1st period - Stopped by Cristobal Huet without a rebound.
7:46 of 1st period - Mike Comrie wins face-off versus Curtis Brown in Sharks zone.
7:49 of 1st period - Shot by Brian Gionta.
7:49 of 1st period - Stopped by Cristobal Huet without a rebound.
7:50 of 1st period - Mike Comrie wins face-off versus Curtis Brown in Sharks zone.
8:37 of 1st period - Shot by Sergei Brylin.
8:37 of 1st period - Stopped by Cristobal Huet without a rebound.
8:38 of 1st period - Sergei Brylin wins face-off versus Patrick Marleau in Sharks zone.
9:02 of 1st period - Icing by Chris Campoli.
9:03 of 1st period - Curtis Brown wins face-off versus Sergei Brylin in Devils zone.
9:14 of 1st period - Shot by Markus Naslund.
9:14 of 1st period - Stopped by Patrick Lalime with a rebound.
9:21 of 1st period - Shot by Sergei Brylin.
9:21 of 1st period - Stopped by Cristobal Huet with a rebound.
9:24 of 1st period - Shot by Sergei Brylin.
9:24 of 1st period - Shot Misses the Net.
9:45 of 1st period - Shot by Scott Gomez.
9:45 of 1st period - Shot Blocked by Barret Jackman.
9:47 of 1st period - Minor Penalty to Steve Bernier for Tripping.
9:48 of 1st period - Joe Thornton wins face-off versus Mike Comrie in Sharks zone.
9:48 of 1st period - Mike Grier is hit by Colin White and loses puck.
10:44 of 1st period - Shot by Miroslav Satan.
10:44 of 1st period - Shot Misses the Net.
10:47 of 1st period - Shot by Miroslav Satan.
10:47 of 1st period - Stopped by Cristobal Huet without a rebound.
10:48 of 1st period - Patrick Marleau wins face-off versus Scott Gomez in Sharks zone.
11:20 of 1st period - Icing by Scott Gomez.
11:21 of 1st period - Joe Thornton wins face-off versus Scott Gomez in Devils zone.
12:18 of 1st period - Shot by Patrick Marleau.
12:18 of 1st period - Shot Misses the Net.
12:26 of 1st period - Icing by Chris Campoli.
12:27 of 1st period - Sergei Brylin wins face-off versus Joe Thornton in Devils zone.
12:27 of 1st period - Minor Penalty to Scott Hannan for Boarding.
12:28 of 1st period - Curtis Brown wins face-off versus Mike Comrie in Devils zone.
12:41 of 1st period - Shot by John Madden.
12:41 of 1st period - Stopped by Cristobal Huet without a rebound.
12:42 of 1st period - Joe Thornton wins face-off versus Mike Comrie in Sharks zone.
13:41 of 1st period - Shot by Zach Parise.
13:41 of 1st period - Shot Misses the Net.
13:58 of 1st period - Shot by Miroslav Satan.
13:58 of 1st period - Stopped by Cristobal Huet without a rebound.
13:59 of 1st period - Joe Thornton wins face-off versus Mike Comrie in Sharks zone.
14:24 of 1st period - Shot by Brian Gionta.
14:24 of 1st period - Shot Misses the Net.
14:29 of 1st period - Shot by Jamie Langenbrunner.
14:29 of 1st period - Stopped by Cristobal Huet with a rebound.
14:36 of 1st period - Shot by Joe Thornton.
14:36 of 1st period - Stopped by Patrick Lalime without a rebound.
14:37 of 1st period - Patrick Marleau wins face-off versus Miroslav Satan in Devils zone.
15:22 of 1st period - Shot by Steve Bernier.
15:22 of 1st period - Shot Misses the Net.
15:23 of 1st period - Shot by Niklas Kronwall.
15:23 of 1st period - Shot Blocked by Richard Matvichuk.
15:35 of 1st period - Major Penalty to Jamie Langenbrunner for Kneeing.
15:36 of 1st period - Joe Thornton wins face-off versus Brian Gionta in Sharks zone.
17:25 of 1st period - Shot by Jonathan Cheechoo.
17:25 of 1st period - Stopped by Patrick Lalime without a rebound.
17:26 of 1st period - Zach Parise wins face-off versus Patrick Marleau in Devils zone.
17:47 of 1st period - Shot by Alyn McCauley.
17:47 of 1st period - Shot Misses the Net.
17:50 of 1st period - Shot by Patrick Marleau.
17:50 of 1st period - Shot Blocked by Chris Campoli.
17:51 of 1st period - Shot by Alyn McCauley.
17:51 of 1st period - Shot Misses the Net.
17:52 of 1st period - Shot by Patrick Marleau.
17:52 of 1st period - Stopped by Patrick Lalime without a rebound.
17:53 of 1st period - Zach Parise wins face-off versus Joe Thornton in Devils zone.
18:57 of 1st period - Icing by Milan Michalek.
18:58 of 1st period - Curtis Brown wins face-off versus Zach Parise in Sharks zone.

Period #2

0:01 of 2nd period - Zach Parise wins face-off versus Markus Naslund in neutral zone.
0:46 of 2nd period - Shot by Sergei Brylin.
0:46 of 2nd period - Stopped by Cristobal Huet with a rebound.
0:51 of 2nd period - Shot by Sergei Brylin.
0:51 of 2nd period - Shot Misses the Net.
0:54 of 2nd period - Shot by Jamie Langenbrunner.
0:54 of 2nd period - Stopped by Cristobal Huet without a rebound.
0:55 of 2nd period - Curtis Brown wins face-off versus Scott Gomez in Sharks zone.
1:11 of 2nd period - Icing by Chris Chelios.
1:12 of 2nd period - Scott Gomez wins face-off versus Patrick Marleau in Devils zone.
1:24 of 2nd period - Icing by Matt Carle.
1:25 of 2nd period - Milan Michalek wins face-off versus Mike Comrie in Sharks zone.
1:50 of 2nd period - Shot by Patrick Marleau.
1:50 of 2nd period - Stopped by Patrick Lalime without a rebound.
1:51 of 2nd period - Sergei Brylin wins face-off versus Joe Thornton in Devils zone.
1:56 of 2nd period - Shot by Brad Lukowich.
1:56 of 2nd period - Stopped by Cristobal Huet without a rebound.
1:57 of 2nd period - Curtis Brown wins face-off versus Miroslav Satan in Sharks zone.
2:11 of 2nd period - Steve Bernier is hit by Miroslav Satan and loses puck.
2:17 of 2nd period - Shot by Alyn McCauley.
2:17 of 2nd period - Shot Misses the Net.
2:17 of 2nd period - Major Penalty to Miroslav Satan for Kneeing.
2:18 of 2nd period - Joe Thornton wins face-off versus Brian Gionta in Devils zone.
2:52 of 2nd period - Off-side.
2:53 of 2nd period - Patrick Marleau wins face-off versus Brian Gionta in neutral zone.
2:56 of 2nd period - Shot by Patrick Marleau.
2:56 of 2nd period - Shot Misses the Net.
2:56 of 2nd period - Major Penalty to Steve Bernier for Checking from behind.
2:57 of 2nd period - Brian Gionta wins face-off versus Patrick Marleau in Devils zone.
3:34 of 2nd period - Shot by Brian Gionta.
3:34 of 2nd period - Shot Misses the Net.
3:53 of 2nd period - Shot by Zach Parise.
3:53 of 2nd period - Stopped by Cristobal Huet without a rebound.
3:54 of 2nd period - Joe Thornton wins face-off versus Zach Parise in Sharks zone.
4:07 of 2nd period - Shot by Zach Parise.
4:07 of 2nd period - Stopped by Cristobal Huet with a rebound.
4:13 of 2nd period - Off-side.
4:14 of 2nd period - Brian Gionta wins face-off versus Joe Thornton in neutral zone.
4:23 of 2nd period - Shot by Mike Comrie.
4:23 of 2nd period - Stopped by Cristobal Huet without a rebound.
4:24 of 2nd period - Joe Thornton wins face-off versus Zach Parise in Sharks zone.
5:39 of 2nd period - Shot by Brian Gionta.
5:39 of 2nd period - Stopped by Cristobal Huet with a rebound.
5:40 of 2nd period - Shot by Brian Gionta.
5:40 of 2nd period - Shot Misses the Net.
6:19 of 2nd period - Shot by Scott Gomez.
6:19 of 2nd period - Shot Blocked by Scott Hannan.
6:38 of 2nd period - Shot by Milan Michalek.
6:38 of 2nd period - Shot Blocked by Colin White.
6:39 of 2nd period - Shot by Milan Michalek.
6:39 of 2nd period - Shot Misses the Net.
6:42 of 2nd period - Shot by Milan Michalek.
6:42 of 2nd period - Stopped by Patrick Lalime without a rebound.
6:43 of 2nd period - Curtis Brown wins face-off versus Juraj Kolnik in Devils zone.
8:14 of 2nd period - Shot by Jamie Langenbrunner.
8:14 of 2nd period - Shot Misses the Net.
8:15 of 2nd period - Shot by Brad Lukowich.
8:15 of 2nd period - Goal by Jamie Langenbrunner.
8:16 of 2nd period - Mike Comrie wins face-off versus Steve Bernier in neutral zone.
8:19 of 2nd period - Shot by Brian Gionta.
8:19 of 2nd period - Stopped by Cristobal Huet without a rebound.
8:20 of 2nd period - Mike Comrie wins face-off versus Joe Thornton in Sharks zone.
8:48 of 2nd period - Off-side.
8:49 of 2nd period - Sergei Brylin wins face-off versus Curtis Brown in neutral zone.
8:51 of 2nd period - Brad Lukowich is hit by Barret Jackman and loses puck.
9:13 of 2nd period - Shot by Mike Ribeiro.
9:13 of 2nd period - Shot Misses the Net.
9:14 of 2nd period - Shot by Brad Lukowich.
9:14 of 2nd period - Shot Blocked by Steve Bernier.
9:15 of 2nd period - Shot by Chris Campoli.
9:15 of 2nd period - Shot Misses the Net.
9:16 of 2nd period - Shot by Sergei Brylin.
9:16 of 2nd period - Goal by Sergei Brylin.
9:17 of 2nd period - Miroslav Satan wins face-off versus Patrick Marleau in neutral zone.
9:21 of 2nd period - Brian Rafalski is hit by Dustin Brown and loses puck.
9:27 of 2nd period - Shot by Zach Parise.
9:27 of 2nd period - Shot Misses the Net.
9:28 of 2nd period - Shot by Richard Matvichuk.
9:28 of 2nd period - Shot Misses the Net.
9:31 of 2nd period - Shot by Juraj Kolnik.
9:31 of 2nd period - Stopped by Cristobal Huet with a rebound.
9:40 of 2nd period - Shot by Miroslav Satan.
9:40 of 2nd period - Shot Blocked by Patrick Marleau.
9:41 of 2nd period - Shot by Richard Matvichuk.
9:41 of 2nd period - Stopped by Cristobal Huet with a rebound.
12:04 of 2nd period - Shot by Mike Ribeiro.
12:04 of 2nd period - Shot Misses the Net.
12:09 of 2nd period - Shot by Jamie Langenbrunner.
12:09 of 2nd period - Shot Misses the Net.
12:10 of 2nd period - Shot by Mike Ribeiro.
12:10 of 2nd period - Shot Blocked by Matt Carle.
12:13 of 2nd period - Shot by Sergei Brylin.
12:13 of 2nd period - Shot Misses the Net.
12:17 of 2nd period - Minor Penalty to Brad Lukowich for Holding.
12:18 of 2nd period - Zach Parise wins face-off versus Joe Thornton in Sharks zone.
13:34 of 2nd period - Icing by Patrick Marleau.
13:35 of 2nd period - Patrick Marleau wins face-off versus Brian Gionta in Sharks zone.
14:08 of 2nd period - Shot by Markus Naslund.
14:08 of 2nd period - Shot Misses the Net.
15:06 of 2nd period - Icing by Richard Jackman.
15:07 of 2nd period - Patrick Marleau wins face-off versus Zach Parise in Sharks zone.
15:27 of 2nd period - Brian Rafalski is hit by Scott Hannan and loses puck.
15:31 of 2nd period - Shot by Zach Parise.
15:31 of 2nd period - Stopped by Cristobal Huet without a rebound.
15:32 of 2nd period - Mike Comrie wins face-off versus Joe Thornton in Sharks zone.
15:42 of 2nd period - Mike Comrie is hit by Kyle McLaren and loses puck.
16:00 of 2nd period - Shot by Paul Martin.
16:00 of 2nd period - Shot Misses the Net.
16:01 of 2nd period - Shot by Paul Martin.
16:01 of 2nd period - Goal by Paul Martin.
16:02 of 2nd period - Curtis Brown wins face-off versus Scott Gomez in neutral zone.
16:19 of 2nd period - Shot by Steve Bernier.
16:19 of 2nd period - Shot Blocked by Chris Chelios.
16:22 of 2nd period - Shot by Niklas Kronwall.
16:22 of 2nd period - Shot Misses the Net.
16:23 of 2nd period - Shot by Barret Jackman.
16:23 of 2nd period - Stopped by Patrick Lalime without a rebound.
16:24 of 2nd period - Jamie Langenbrunner wins face-off versus Patrick Marleau in Devils zone.
16:33 of 2nd period - Shot by Mike Ribeiro.
16:33 of 2nd period - Stopped by Cristobal Huet without a rebound.
16:34 of 2nd period - Patrick Marleau wins face-off versus Mike Comrie in Sharks zone.
16:41 of 2nd period - Shot by Mike Comrie.
16:41 of 2nd period - Shot Blocked by Richard Jackman.
16:53 of 2nd period - Icing by Colin White.
16:54 of 2nd period - Curtis Brown wins face-off versus Mike Comrie in Devils zone.
17:03 of 2nd period - Shot by Curtis Brown.
17:03 of 2nd period - Shot Hit the Post.
17:13 of 2nd period - John Madden is hit by Steve Bernier and loses puck.
17:26 of 2nd period - Major Penalty to Colin White for Kneeing.
17:27 of 2nd period - Joe Thornton wins face-off versus Zach Parise in Devils zone.
17:49 of 2nd period - Icing by Kyle McLaren.
17:50 of 2nd period - Zach Parise wins face-off versus Joe Thornton in Sharks zone.
18:51 of 2nd period - Shot by Patrick Marleau.
18:51 of 2nd period - Shot Misses the Net.
19:09 of 2nd period - Minor Penalty to Richard Jackman for Holding.
19:10 of 2nd period - Brian Gionta wins face-off versus Patrick Marleau in Devils zone.
19:59 of 2nd period - Shot by Scott Gomez.
19:59 of 2nd period - Stopped by Cristobal Huet without a rebound.

Period #3

0:01 of 3rd period - Joe Thornton wins face-off versus Zach Parise in neutral zone.
0:16 of 3rd period - Shot by Scott Gomez.
0:16 of 3rd period - Shot Blocked by Scott Hannan.
0:21 of 3rd period - Shot by Zach Parise.
0:21 of 3rd period - Goal by Zach Parise.
0:22 of 3rd period - Brian Gionta wins face-off versus Patrick Marleau in neutral zone.
0:44 of 3rd period - Off-side.
0:45 of 3rd period - Markus Naslund wins face-off versus Zach Parise in neutral zone.
0:50 of 3rd period - Shot by Markus Naslund.
0:50 of 3rd period - Shot Blocked by Chris Chelios.
1:05 of 3rd period - Shot by Scott Gomez.
1:05 of 3rd period - Shot Misses the Net.
1:06 of 3rd period - Shot by Brian Rafalski.
1:06 of 3rd period - Stopped by Cristobal Huet without a rebound.
1:07 of 3rd period - Patrick Marleau wins face-off versus Brian Gionta in Sharks zone.
1:26 of 3rd period - Shot by Patrick Marleau.
1:26 of 3rd period - Stopped by Patrick Lalime without a rebound.
1:27 of 3rd period - Brian Gionta wins face-off versus Joe Thornton in Devils zone.
2:21 of 3rd period - Icing by Patrick Marleau.
2:22 of 3rd period - Patrick Marleau wins face-off versus Brian Gionta in Sharks zone.
2:29 of 3rd period - Shot by Niklas Kronwall.
2:29 of 3rd period - Shot Misses the Net.
2:33 of 3rd period - Icing by Jamie Langenbrunner.
2:34 of 3rd period - Patrick Marleau wins face-off versus Sergei Brylin in Devils zone.
3:11 of 3rd period - Shot by Mike Ribeiro.
3:11 of 3rd period - Shot Misses the Net.
3:43 of 3rd period - Off-side.
3:44 of 3rd period - Joe Thornton wins face-off versus Scott Gomez in neutral zone.
4:03 of 3rd period - Shot by Miroslav Satan.
4:03 of 3rd period - Shot Blocked by Scott Hannan.
4:03 of 3rd period - Minor Penalty to Joe Thornton for Clipping.
4:04 of 3rd period - Mike Comrie wins face-off versus Curtis Brown in Sharks zone.
4:05 of 3rd period - Shot by Paul Martin.
4:05 of 3rd period - Stopped by Cristobal Huet without a rebound.
4:06 of 3rd period - Mike Comrie wins face-off versus Alyn McCauley in Sharks zone.
5:02 of 3rd period - Icing by Brian Rafalski.
5:03 of 3rd period - Curtis Brown wins face-off versus Scott Gomez in Devils zone.
5:06 of 3rd period - Shot by Alyn McCauley.
5:06 of 3rd period - Stopped by Patrick Lalime with a rebound.
5:11 of 3rd period - Shot by Miroslav Satan.
5:11 of 3rd period - Shot Misses the Net.
5:12 of 3rd period - Shot by Scott Gomez.
5:12 of 3rd period - Shot Blocked by Curtis Brown.
5:13 of 3rd period - Shot by Brian Rafalski.
5:13 of 3rd period - Stopped by Cristobal Huet without a rebound.
5:14 of 3rd period - Scott Gomez wins face-off versus Patrick Marleau in Sharks zone.
5:51 of 3rd period - Shot by Zach Parise.
5:51 of 3rd period - Stopped by Cristobal Huet without a rebound.
5:52 of 3rd period - Mike Comrie wins face-off versus Patrick Marleau in Sharks zone.
6:23 of 3rd period - Shot by Mike Ribeiro.
6:23 of 3rd period - Shot Misses the Net.
6:33 of 3rd period - Curtis Brown is hit by Jamie Langenbrunner and loses puck.
6:43 of 3rd period - Shot by Markus Naslund.
6:43 of 3rd period - Stopped by Patrick Lalime without a rebound.
6:44 of 3rd period - Patrick Marleau wins face-off versus Mike Comrie in Devils zone.
7:36 of 3rd period - Icing by Scott Hannan.
7:37 of 3rd period - Scott Gomez wins face-off versus Joe Thornton in Sharks zone.
7:54 of 3rd period - Shot by Scott Gomez.
7:54 of 3rd period - Shot Blocked by Kyle McLaren.
7:55 of 3rd period - Shot by Chris Chelios.
7:55 of 3rd period - Goal by Scott Gomez.
7:56 of 3rd period - Curtis Brown wins face-off versus Sergei Brylin in neutral zone.
8:27 of 3rd period - Shot by Alyn McCauley.
8:27 of 3rd period - Shot Misses the Net.
8:56 of 3rd period - Shot by Patrik Elias.
8:56 of 3rd period - Shot Hit the Post.
9:01 of 3rd period - Shot by Patrik Elias.
9:01 of 3rd period - Shot Misses the Net.
9:20 of 3rd period - Shot by Patrik Elias.
9:20 of 3rd period - Stopped by Cristobal Huet without a rebound.
9:21 of 3rd period - Joe Thornton wins face-off versus Mike Comrie in Sharks zone.
9:42 of 3rd period - Shot by Markus Naslund.
9:42 of 3rd period - Stopped by Patrick Lalime without a rebound.
9:43 of 3rd period - Curtis Brown wins face-off versus Zach Parise in Devils zone.
10:16 of 3rd period - Shot by Miroslav Satan.
10:16 of 3rd period - Stopped by Cristobal Huet without a rebound.
10:17 of 3rd period - Mike Comrie wins face-off versus Joe Thornton in Sharks zone.
10:22 of 3rd period - Shot by John Madden.
10:22 of 3rd period - Stopped by Cristobal Huet with a rebound.
10:25 of 3rd period - Shot by John Madden.
10:25 of 3rd period - Shot Misses the Net.
10:26 of 3rd period - Shot by Colin White.
10:26 of 3rd period - Stopped by Cristobal Huet without a rebound.
10:27 of 3rd period - Joe Thornton wins face-off versus Mike Ribeiro in Sharks zone.
11:04 of 3rd period - Shot by Sergei Brylin.
11:04 of 3rd period - Stopped by Cristobal Huet without a rebound.
11:05 of 3rd period - Patrick Marleau wins face-off versus Mike Comrie in Sharks zone.
11:59 of 3rd period - Icing by Steve Bernier.
12:00 of 3rd period - Scott Gomez wins face-off versus Curtis Brown in Sharks zone.
12:05 of 3rd period - Shot by Miroslav Satan.
12:05 of 3rd period - Stopped by Cristobal Huet without a rebound.
12:06 of 3rd period - Sergei Brylin wins face-off versus Joe Thornton in Sharks zone.
12:14 of 3rd period - Icing by Joe Thornton.
12:15 of 3rd period - Joe Thornton wins face-off versus Scott Gomez in Sharks zone.
12:15 of 3rd period - Markus Naslund is hit by Patrik Elias and loses puck.
12:26 of 3rd period - Minor Penalty to Brian Rafalski for Tripping.
12:27 of 3rd period - Zach Parise wins face-off versus Patrick Marleau in Sharks zone.
12:58 of 3rd period - Shot by Milan Michalek.
12:58 of 3rd period - Goal by Patrick Marleau.
12:59 of 3rd period - Sergei Brylin wins face-off versus Joe Thornton in neutral zone.
13:04 of 3rd period - Shot by Sergei Brylin.
13:04 of 3rd period - Shot Misses the Net.
13:05 of 3rd period - Shot by Brad Lukowich.
13:05 of 3rd period - Shot Misses the Net.
13:10 of 3rd period - Shot by Mike Ribeiro.
13:10 of 3rd period - Shot Misses the Net.
13:11 of 3rd period - Shot by Chris Campoli.
13:11 of 3rd period - Stopped by Cristobal Huet without a rebound.
13:12 of 3rd period - Curtis Brown wins face-off versus Zach Parise in Sharks zone.
13:25 of 3rd period - Shot by Steve Bernier.
13:25 of 3rd period - Stopped by Patrick Lalime without a rebound.
13:26 of 3rd period - Sergei Brylin wins face-off versus Joe Thornton in Devils zone.
13:26 of 3rd period - Mike Ribeiro is hit by Scott Hannan and loses puck.
13:41 of 3rd period - Sergei Brylin is hit by Kyle McLaren and loses puck.
13:44 of 3rd period - Major Penalty to Jonathan Cheechoo for Attempt to injure.
13:44 of 3rd period - Jonathan Cheechoo is ejected from game.
13:45 of 3rd period - Scott Gomez wins face-off versus Curtis Brown in Sharks zone.
13:59 of 3rd period - Off-side.
14:00 of 3rd period - Mike Comrie wins face-off versus Joe Thornton in neutral zone.
14:00 of 3rd period - Major Penalty to Patrick Marleau for Kneeing.
14:01 of 3rd period - Joe Thornton wins face-off versus Mike Comrie in neutral zone.
15:32 of 3rd period - Shot by Miroslav Satan.
15:32 of 3rd period - Stopped by Cristobal Huet without a rebound.
15:33 of 3rd period - Curtis Brown wins face-off versus Mike Comrie in Sharks zone.
15:45 of 3rd period - Icing by Paul Martin.
15:46 of 3rd period - Curtis Brown wins face-off versus Mike Comrie in Devils zone.
15:50 of 3rd period - Icing by Colin White.
15:51 of 3rd period - Curtis Brown wins face-off versus Mike Comrie in Devils zone.
16:05 of 3rd period - Off-side.
16:06 of 3rd period - Scott Gomez wins face-off versus Mike Grier in neutral zone.
16:43 of 3rd period - Shot by Scott Gomez.
16:43 of 3rd period - Shot Blocked by Richard Jackman.
16:44 of 3rd period - Shot by Chris Chelios.
16:44 of 3rd period - Stopped by Cristobal Huet with a rebound.
17:37 of 3rd period - Shot by Brian Gionta.
17:37 of 3rd period - Shot Misses the Net.
18:31 of 3rd period - Icing by Miroslav Satan.
18:32 of 3rd period - Scott Gomez wins face-off versus Curtis Brown in Devils zone.
19:02 of 3rd period - Jamie Langenbrunner is hit by Matt Carle and loses puck.
19:05 of 3rd period - Off-side.
19:06 of 3rd period - Patrick Marleau wins face-off versus Sergei Brylin in neutral zone.
19:11 of 3rd period - Shot by Patrick Marleau.
19:11 of 3rd period - Shot Misses the Net.
19:16 of 3rd period - Shot by Jamie Langenbrunner.
19:16 of 3rd period - Shot Misses the Net.
19:43 of 3rd period - Shot by Sergei Brylin.
19:43 of 3rd period - Shot Blocked by Richard Jackman.
19:46 of 3rd period - Shot by Sergei Brylin.
19:46 of 3rd period - Stopped by Cristobal Huet without a rebound.
19:47 of 3rd period - Joe Thornton wins face-off versus Zach Parise in Sharks zone.


Output by the SimonT Hockey Simulator (STHS) for Stephane Roy -- Original Page W3C XHTML 1.0 Valid